 Dungeon Crawl Stone Soup version 0.31-a0-1336-g7fd7ca34b5 (webtiles) character file.

Game seed: 2178140346382919724

196 Flugkiller the Trooper (level 5, -12/59 HPs)
             Began as an Oni Chaos Knight on Dec 21, 2023.
             Was a Plaything of Xom.
             Mangled by a sun moth (19 damage)
             ... in a sewer.
             The game lasted 00:04:13 (1814 turns).

Flugkiller the Trooper (Oni Chaos Knight)           Turns: 1814, Time: 00:04:13

Health: -12/59     AC:  6    Str: 18    XL:     5   Next: 75%
Magic:  5/5        EV:  9    Int: 13    God:    Xom [......]
Gold:   186        SH:  0    Dex:  8    Spells: 4/4 levels left

rFire   + . .        g - +0 mace
rCold   . . .        (no shield)
rNeg    . . .        b - +2 robe
rPois   .            (helmet restricted)
rElec   .            m - +0 cloak
rCorr   .            (gloves unavailable)
SInv    .            (boots unavailable)
Will    .....        (no amulet)
Stlth   +            p - ring of protection from fire
HPRegen 0.29/turn    (no ring)
MPRegen 0.09/turn

%: no passive effects
@: no status effects
A: drunken brawling, large, unfitting armour, horns 1, tough skin 1, double
potion healing
a: Renounce Religion


You were in a sewer.
You worshipped Xom.
You were a very special plaything of Xom.
You visited 1 branch of the dungeon, and saw 3 of its levels.
You also visited: Sewer.

You collected 216 gold pieces.
You spent 30 gold pieces at shops.

Inventory:

Hand Weapons
 a - a +0 mace of chaos
 g - a +0 mace (weapon)
   (You found it on level 1 of the Dungeon)
Missiles
 i - a curare-tipped dart
Armour
 b - a +2 robe (worn)
 m - a +0 cloak (worn)
   (You found it on level 2 of the Dungeon)
Jewellery
 p - a ring of protection from fire (left hand)
   (You found it on level 3 of the Dungeon)
Scrolls
 c - a scroll of butterflies
 e - a scroll of torment {unknown}
 o - a scroll of enchant armour {unknown}
 t - 2 scrolls of teleportation
Potions
 f - a potion of mutation {unknown}
 h - a potion of attraction {unknown}
 k - a potion of cancellation {unknown}
 l - a potion of enlightenment {unknown}
 n - a potion of might {unknown}


   Skills:
 - Level 6.0 Fighting
 + Level 5.2 Maces & Flails
 - Level 2.1 Dodging


You had 4 spell levels left.
You didn't know any spells.
Your spell library contained the following spells:

 Spells                   Type           Power      Damage    Failure   Level
 Frozen Ramparts          Ice            0%         1d1       67%         3
 Leda's Liquefaction      Alch/Erth      0%         N/A       97%         4
 Petrify                  Alch/Erth      0%         N/A       97%         4
 Metabolic Englaciation   Hex/Ice        0%         N/A       100%        5


Dungeon Overview and Level Annotations

Branches:
Dungeon (3/15) Zot: 16367   Sewer (1/1) Zot: 5775

Altars:

Shops:
D:1 !


Innate Abilities, Weirdness & Mutations

Whenever you drink a potion that restores your health or magic, you attack all enemies around you.
You are too large for most types of armour.
You have a pair of small horns on your head.
You have tough skin. (AC +1)
Whenever you drink a potion that restores your health or magic, it restores twice as much.


Message History

Your ufetubus splashes around in the water. x2
You hit the sun moth but do no damage.
The sun moth is severely wounded.
Your ufetubus splashes around in the water.
Your ufetubus hits the sun moth but does no damage.
The sun moth bites your ufetubus!!
Your ufetubus dies!
Your ufetubus disappears in a puff of smoke!
The sun moth bites you!
You hit the sun moth but do no damage.
The sun moth is heavily wounded.
The sun moth bites you but does no damage.
You hit the sun moth but do no damage.
The sun moth is heavily wounded.
The sun moth bites you but does no damage. x2
You hit the sun moth but do no damage.
The sun moth is heavily wounded.
The sun moth bites you but does no damage.
You hit the sun moth.
The sun moth is severely wounded.
The sun moth bites you but does no damage.
You sock the sun moth! Your punch misses the sun moth.
The sun moth is severely wounded.
The sun moth bites you.
The sun moth bites you but does no damage.
You hit the sun moth but do no damage.
The sun moth is severely wounded.
The sun moth bites you but does no damage.
You hit the sun moth but do no damage.
The sun moth is severely wounded.
The sun moth bites you!
You hit the sun moth.
The sun moth is almost dead.
The sun moth's wings beat fiercely.
The flurry of pyrophoric scales hits you.
The sun moth bites you but does no damage.
You barely miss the sun moth.
The sun moth is almost dead.
The sun moth bites you but does no damage.
You hit the sun moth but do no damage.
The sun moth is almost dead.
The sun moth's wings beat fiercely.
The flurry of pyrophoric scales hits you.
The sun moth's wings beat fiercely.
The flurry of pyrophoric scales hits you.
You hit the sun moth.
The sun moth is almost dead.
The sun moth bites you but does no damage.
You hit the sun moth.
The sun moth is almost dead.
The sun moth bites you!
* * * LOW HITPOINT WARNING * * *
You hit the sun moth.
The sun moth is almost dead.
The sun moth bites you but does no damage.
The sun moth's wings beat fiercely.
The flurry of pyrophoric scales hits you.
You completely miss the sun moth.
The sun moth is almost dead.
Your transformation is almost over.
The sun moth's wings beat fiercely.
The flurry of pyrophoric scales hits you.
You closely miss the sun moth.
The sun moth is almost dead.
The sun moth bites you but does no damage.
The sun moth bites you.
* * * LOW HITPOINT WARNING * * *
Unknown command.
You hit the sun moth but do no damage.
The sun moth is almost dead.
Your ufetubus disappears in a puff of smoke!
The sun moth bites you but does no damage.
Unknown command.
You hit the sun moth.
The sun moth is almost dead.
The sun moth barely misses you.
Unknown command.
Okay, then.
You closely miss the sun moth.
The sun moth is almost dead.
The sun moth bites you but does no damage.
Unknown command.
You hit the sun moth but do no damage.
The sun moth is almost dead.
The sun moth bites you.
* * * LOW HITPOINT WARNING * * *
The sun moth bites you!
* * * LOW HITPOINT WARNING * * *
Unknown command.
You hit the sun moth.
The sun moth is almost dead.
The sun moth bites you but does no damage.
Unknown command.
You hit the sun moth but do no damage.
The sun moth is almost dead.
You feel less wooden.
Your +0 cloak unmelds from your body.
Your +2 robe unmelds from your body.
The sun moth bites you!!
You die...
Xom roars with laughter!

#~.KK~~.# #.~≈≈≈~.# #~~≈≈≈~.#
#K~≈≈≈~~# #.~~≈~~.# #~~~≈~~.#
#####################~.~≈~~~#
.))~~~~~~~~~~~~y@5~~~)~~≈h..#
#####################.~~≈~~.#
##~~≈~.## #.~≈~.# #.≈≈~.#
#.~≈~..∩ #.~≈~.### #.~≈~.#


You could see a sun moth (ally target) and a friendly quasit (summoned).

Vanquished Creatures
  A kobold brigand (Sewer)
  An orc priest (D:3)
  3 adders
  A river rat (Sewer)
  A worm (D:2)
  3 dart slugs
  7 orcs (D:3)
  5 ball pythons
  3 bats (D:1)
  6 endoplasms
  A giant cockroach (D:3)
  2 hobgoblins
  3 quokkas
  3 frilled lizards
  5 goblins
  7 kobolds
  5 rats
57 creatures vanquished.

Notes
Turn   | Place    | Note
-------+----------+-------------------------------------------
     0 | D:1      | Flugkiller the Oni Chaos Knight began the quest for the
                  | Orb.
     0 | D:1      | Reached XP level 1. HP: 24/24 MP: 1/1
    96 | D:1      | XOM: silly message
   151 | D:1      | Gained mutation: Whenever you drink a potion that restores
                  | your health or magic, it restores twice as much. [Oni
                  | growth]
   151 | D:1      | Gained mutation: You have a pair of small horns on your
                  | head. [Oni growth]
   151 | D:1      | Gained mutation: You have tough skin. (AC +1) [Oni growth]
   151 | D:1      | Reached XP level 2. HP: 33/33 MP: 2/2
   161 | D:1      | XOM: silly message
   231 | D:1      | Found Guutem's Distillery.
   248 | D:1      | Reached skill level 5 in Fighting
   592 | D:1      | Bought a potion of curing for 30 gold pieces
   651 | D:2      | Reached XP level 3. HP: 42/42 MP: 3/3
   921 | D:2      | Reached skill level 6 in Fighting
  1278 | D:3      | Reached XP level 4. HP: 52/52 MP: 4/4
  1304 | D:3      | XOM: 2-stop teleportation journey
  1306 | D:3      | XOM: smoke on damage
  1359 | D:3      | XOM: noise
  1408 | D:3      | XOM: noise
  1415 | D:3      | XOM: cast spell 'Olgreb's Toxic Radiance'
  1444 | D:3      | Reached XP level 5. HP: 58/59 MP: 5/5
  1603 | D:3      | Found a glowing drain.
  1608 | Sewer    | Entered a sewer
  1688 | Sewer    | Noticed a kobold brigand
  1733 | Sewer    | XOM: chaos cloud
  1734 | Sewer    | XOM: noise
  1739 | Sewer    | XOM: divination: detect items
  1750 | Sewer    | Killed a kobold brigand
  1751 | Sewer    | Reached skill level 5 in Maces & Flails
  1775 | Sewer    | Noticed a kobold brigand
  1778 | Sewer    | a kobold brigand changed into a sun moth
  1778 | Sewer    | Noticed a sun moth
  1778 | Sewer    | XOM: polymorph kobold brigand -> sun moth
  1788 | Sewer    | XOM: summons 3 friendly demons
  1814 | Sewer    | Mangled by a sun moth

Illustrated notes

Levels and vault maps discovered:
D:1:      minmay_arrival_up_and_down, layout_rooms, serial_shops,
          nicolae_shop_trees, hangedman_feature_mirror
D:2:      layout_loops_ring
D:3:      layout_rooms, portal_sewer_entry_e
Sewer:    sewer_kobolds

Skill      XL: |  1  2  3  4  5 |
---------------+----------------+-----
Fighting       | 5 6 |  6.0
Maces & Flails | 4 5 |  5.2
Dodging        | |  2.1

Action                     |  1- 3 |  4- 6 || total
---------------------------+-------+-------++-------
  Melee: Mace              |    68 |    93 ||   161
         Headbutt          |     7 |     6 ||    13
         Punch             |     2 |     2 ||     4
    Use: Scroll            |     2 |       ||     2
         Potion            |       |     5 ||     5
   Stab: Distracted        |       |     1 ||     1
 Armour: Robe              |    44 |    32 ||    76
         Skin              |       |    41 ||    41
  Dodge: Dodged            |    24 |    48 ||    72

Table legend: (Time is in decaauts)
 A = Elapsed time spent in this place.
 B = Non-inter-level travel time spent in this place.
 C = Inter-level travel time spent in this place.
 D = Time resting spent in this place.
 E = Time spent auto-exploring this place.
 F = Levels seen in this place.
 G = Mean time per level.
                   A        B        C        D        E       F      G
               +--------+--------+--------+--------+--------+-----+--------+
         Total |   1856 |   1722 |    134 |     55 |    920 |   4 |  464.0 |
       Dungeon |   1633 |   1499 |    134 |     24 |    881 |   3 |  544.3 |
         Sewer |    223 |    223 |      0 |     31 |     39 |   1 |  223.0 |
               +--------+--------+--------+--------+--------+-----+--------+

Top non-repeatable levels by time:
     D:2: 668 daAuts
     D:1: 603 daAuts
     D:3: 361 daAuts
   Sewer: 223 daAuts
